 Dungeon Crawl Stone Soup version 0.29-a0-1065-g47a6bb87d6 (webtiles) character file.

Game seed: 9315021872155602023

4 drugrobin the Sneak (level 1, 0/18 HPs)
             Began as a Demigod Delver on Aug 18, 2022.
             Slain by a worm (9 damage)
             ... on level 4 of the Dungeon.
             The game lasted 00:01:29 (429 turns).

drugrobin the Sneak (Demigod Delver)                 Turns: 429, Time: 00:01:29

Health: 0/18       AC:  3    Str: 13    XL:     1   Next: 46%
Magic:  3/3        EV: 12    Int: 12    God:
Gold:   0          SH:  0    Dex: 15    Spells: 0/0 levels left

rFire   . . .      SeeInvis .   a - +0 hand axe
rCold   . . .      Faith    .   (no shield)
rNeg    . . .      Spirit   .   b - +0 leather armour
rPois   .          Reflect  .   (no helmet)
rElec   .          Harm     .   (no cloak)
rCorr   .          Rampage  .   (no gloves)
Will    .....                   (no boots)
Stlth   +++.......              (no amulet)
HPRegen 0.06/turn               (no ring)
MPRegen 0.08/turn               (no ring)

@: no status effects
A: high MP 1, forlorn, divine attributes
a: no special abilities


You were on level 4 of the Dungeon.
You visited 1 branch of the dungeon, and saw 3 of its levels.

Inventory:

Hand Weapons
 a - a +0 hand axe (weapon)
Armour
 b - a +0 leather armour (worn)
 h - the +1 leather armour "Mastri" {rElec rN+}
   (You found it on level 5 of the Dungeon)

   rElec:     It insulates you from electricity.
   rN:        It protects you from negative energy.
Jewellery
 i - the ring of the Bedazzling Seer {Will+ MP+9 Slay+4 Stlth+}
   (You found it on level 4 of the Dungeon)

   [ring of slaying]

   Slay:      It affects your accuracy & damage with ranged weapons and melee
   (+4).
   MP:        It affects your magic capacity (+9).
   Will:      It increases your willpower.
   Stlth:     It makes you more stealthy.
Wands
 f - a wand of roots (7)
Scrolls
 c - a scroll of fog
 d - a scroll of magic mapping
 e - a scroll of fear
Potions
 g - a potion of berserk rage {unknown}
 j - a potion of heal wounds {unknown}


   Skills:
 + Level 2.7 Fighting
 + Level 1.9 Axes
 + Level 1.9 Dodging
 + Level 4.6 Stealth


You couldn't memorise any spells.
You didn't know any spells.
Your spell library was empty.

Dungeon Overview and Level Annotations

Branches:
Dungeon (5/15)
 Temple: D:4-7


Innate Abilities, Weirdness & Mutations

You have an increased reservoir of magic. (+10% MP)
You shall have no god before yourself.
Your divine heritage dramatically boosts your attributes as you level up.


Message History

You hit the orc.
The orc is heavily wounded.
The orc closely misses you.
You hit the orc.
The orc is almost dead.
The orc hits you with a +0 dagger.
You hit the orc but do no damage.
The orc is almost dead.
You barely miss the worm. The orc closely misses you.
The worm completely misses you.
You hit the orc.
You kill the orc!
You hit the worm. You hit the worm but do no damage.
The worm is moderately wounded.
The worm barely misses you.
You hit the worm but do no damage.
The worm is moderately wounded.
The worm closely misses you.
You barely miss the worm.
The worm is lightly wounded.
The worm closely misses you.
You hit the worm.
The worm is moderately wounded.
You hit the worm but do no damage.
The worm is moderately wounded.
The worm bites you!
You hit the worm.
The worm is heavily wounded.
The worm closely misses you.
You hit the worm.
The worm is heavily wounded.
You hit the worm but do no damage.
The worm is heavily wounded.
The worm barely misses you.
You barely miss the worm.
The worm is moderately wounded.
The worm bites you!
Ouch! That really hurt!
You die...

...# ##....### #...##
...# #.......###........
...# #..................
...# #..................
..## #..................
..# #.......$..........
..# #.!.................
...............w).......
................@...##
........###.....#####
.......# ##....## ......
##....## .$....###....##
.............#
............##
#..........#
###........#


You could see a worm.

Vanquished Creatures
  An orc (D:4)
  A giant cockroach (D:4)
  2 ball pythons (D:4)
4 creatures vanquished.

Notes
Turn   | Place    | Note
-------+----------+-------------------------------------------
     0 | D:5      | drugrobin the Demigod Delver began the quest for the Orb.
     0 | D:5      | Reached XP level 1. HP: 18/18 MP: 3/3
     4 | D:5      | Identified the +1 leather armour "Mastri" {rElec rN+}
     4 | D:5      | Noticed a howler monkey
    18 | D:4      | Identified the ring of the Bedazzling Seer {Will+ MP+9
                  | Slay+4 Stlth+}
    90 | D:4      | Noticed a howler monkey
   429 | D:4      | Slain by a worm

Illustrated notes

Levels and vault maps discovered:
D:3:      layout_loops_corners, nicolae_uskayaw_suspiria,
          minmay_randomly_rotated_circles
D:4:      layout_layer_cave, gammafunk_temple_overflow_statue,
          portal_sewer_entry_b
D:5:      layout_loops_ring, lemuel_crystal_altar,
          mainiacjoe_overflow_large_starburst, uniq_sigmund, uniq_menkaure,
          uniq_ijyb

Action                   || total
-------------------------++-------
Melee: Hand axe          ||    23
       Punch             ||     1
Evoke: Wand              ||     3
  Use: Potion            ||     1
Armor: Leather armour    ||     7
Dodge: Dodged            ||    20

Table legend: (Time is in decaauts)
 A = Elapsed time spent in this place.
 B = Non-inter-level travel time spent in this place.
 C = Inter-level travel time spent in this place.
 D = Time resting spent in this place.
 E = Time spent auto-exploring this place.
 F = Levels seen in this place.
 G = Mean time per level.
                   A        B        C        D        E       F      G
               +--------+--------+--------+--------+--------+-----+--------+
         Total |    415 |    415 |      0 |    230 |      0 |   3 |  138.3 |
       Dungeon |    415 |    415 |      0 |    230 |      0 |   3 |  138.3 |
               +--------+--------+--------+--------+--------+-----+--------+

Top non-repeatable levels by time:
     D:3: 231 daAuts
     D:4: 166 daAuts
     D:5: 17 daAuts
